Thrashers vs Capitals

Created - January 21 2008 at 21:48

Goals
1 2 3 T
Thrashers 2 0 1 3
Capitals 0 0 1 1
Shots
1 2 3 T
Thrashers 12 10 14 36
Capitals 6 4 5 15

Period #1

1. Thrashers , Brendan Shanahan 12 (Jay Mcclement, Radek Martinek) at 1:37
2. Thrashers , Keith Tkachuk 17 (Dan Boyle, Justin Williams) at 13:02

Penalties :
Greg De Vries (ATL) for Holding (Minor) at 4:47

Period #2

No Goal

Penalties :
Greg De Vries (ATL) for Holding (Minor) at 1:34, Shaone Morrisonn (WSH) for Tripping (Minor) at 8:21, Adrian Aucoin (WSH) for Cross-checking (Minor) at 12:32, Mike Komisarek (ATL) for Holding (Minor) at 15:43, Keith Tkachuk (ATL) for Tripping (Minor) at 18:13

Period #3

3. Thrashers , Keith Tkachuk 18 (Brendan Shanahan, Dany Heatley) at 2:27
4. Capitals , Matt Pettinger 4 (David Vyborny, Shaone Morrisonn) at 5:39

Penalties :
Brian Pothier (WSH) for Charging (Minor) at 6:45, Keith Tkachuk (ATL) for Unsportsmanlike conduct (Major / Game Misconduct) at 11:56, Brian Pothier (WSH) for High sticking (Minor) at 18:02

Goalie Stats

Henrik Lundqvist (ATL), 14 saves from 15 shots - (0.933), W, 36-12-3, 60:00 minutes
Olaf Kolzig (WSH), 33 saves from 36 shots - (0.917), L, 9-1-0, 60:00 minutes

Players Stats

Thrashers
Player Name              G  A  P  +/- PIM S  H  SB FO MP 
-----------------------------------------------------------
Alexander Frolov         0  0  0  -1  0   4  1  0  2  19 
Andy Sutton              0  0  0   0  0   0  0  0  0  5  
Brendan Shanahan         1  1  2   2  0   8  2  0  1  22 
Brett Clark              0  0  0  -1  0   1  1  0  0  23 
Chris Kelly              0  0  0   1  0   0  0  0  16 13 
Dan Boyle                0  1  1   1  0   1  1  0  0  17 
Dany Heatley             0  1  1   2  0   7  2  0  0  17 
David Backes             0  0  0  -1  0   1  2  0  1  17 
Greg De Vries            0  0  0   1  4   0  2  1  0  16 
Jay Mcclement            0  1  1   1  0   0  0  0  23 19 
Justin Williams          0  1  1   1  0   5  1  0  1  15 
Keith Tkachuk            2  0  2   2  17  6  0  0  13 16 
Kyle Calder              0  0  0   0  0   0  0  0  0  9  
Marc Savard              0  0  0  -1  0   2  0  0  22 18 
Mike Komisarek           0  0  0   1  2   0  3  2  0  24 
Patrick Eaves            0  0  0   1  0   0  3  0  0  13 
Radek Martinek           0  1  1   2  0   0  1  2  0  19 
Wade Redden              0  0  0  -1  0   1  1  0  0  21 
Capitals
Player Name              G  A  P  +/- PIM S  H  SB FO MP 
-----------------------------------------------------------
Adrian Aucoin            0  0  0  -2  2   0  1  1  0  18 
Alexander Ovechkin       0  0  0  -2  0   3  0  0  3  25 
Ben Clymer               0  0  0  -1  0   1  1  0  0  15 
Brian Pothier            0  0  0   0  4   0  2  1  0  21 
Brian Sutherby           0  0  0  -2  0   0  0  0  15 17 
Bryan Muir               0  0  0   1  0   0  1  1  0  18 
Chris Clark              0  0  0  -1  0   1  1  0  2  13 
Dainius Zubrus           0  0  0  -1  0   2  0  0  21 23 
David Vyborny            0  1  1   0  0   1  0  0  28 22 
Jeff Schultz             0  0  0  -2  0   0  0  1  0  20 
Kris Beech               0  0  0   0  0   0  0  1  0  8  
Matt Cooke               0  0  0   1  0   1  1  0  1  9  
Matt Pettinger           1  0  1   1  0   2  0  0  3  16 
Richard Zednik           0  0  0  -2  0   1  0  0  2  16 
Ryane Clowe              0  0  0   0  0   1  0  0  1  14 
Shaone Morrisonn         0  1  1   0  2   0  1  2  0  24 
Steve Eminger            0  0  0   0  0   0  0  0  0  11 
Trent Hunter             0  0  0   0  0   2  0  0  3  19 

3 Stars

1 - Keith Tkachuk (ATL)
2 - Brendan Shanahan (ATL)
3 - Dany Heatley (ATL)

Power Play

Thrashers - 0 on 4 Attempt(s) - 0.00%
Capitals - 0 on 5 Attempt(s) - 0.00%

Penalty Kill

Thrashers - 5 on 5 Attempt(s) - 100.00% - Score 0 goal in Penalty Kill
Capitals - 4 on 4 Attempt(s) - 100.00% - Score 0 goal in Penalty Kill

Game Notes

Keith Tkachuk ejected from game at 11:56 of 3rd period

Finance

Level 1 -- Attendance: 3813 (63.56%) -- Ticket Income $381,300.00
Level 2 -- Attendance: 3623 (72.45%) -- Ticket Income $217,380.00
Level 3 -- Attendance: 1402 (70.12%) -- Ticket Income $49,070.00
Level 4 -- Attendance: 3870 (96.75%) -- Ticket Income $77,400.00
Luxury Box -- Attendance: 747 (74.71%) -- Ticket Income $149,400.00
Game was played at the MCI Center
Total Attendance: 13455 (67.28%)
Total Ticket Income: $961,455.70
Other Income: $125,719.80
Total Income: $1,087,176.00


Play by Play

Period #1

0:01 of 1st period - Marc Savard wins face-off versus David Vyborny in neutral zone.
1:25 of 1st period - Shot by Dany Heatley.
1:25 of 1st period - Stopped by Olaf Kolzig without a rebound.
1:26 of 1st period - Brian Sutherby wins face-off versus Jay Mcclement in Capitals zone.
1:37 of 1st period - Shot by Brendan Shanahan.
1:37 of 1st period - Goal by Brendan Shanahan - Thrashers : 1 - Capitals : 0.
1:38 of 1st period - Keith Tkachuk wins face-off versus David Vyborny in neutral zone.
1:43 of 1st period - Shot by Dany Heatley.
1:43 of 1st period - Deflect By Keith Tkachuk.
1:43 of 1st period - Stopped by Olaf Kolzig without a rebound.
1:44 of 1st period - Brian Sutherby wins face-off versus Jay Mcclement in Capitals zone.
1:54 of 1st period - Patrick Eaves is hit by Adrian Aucoin and loses puck.
2:05 of 1st period - Shot by Brendan Shanahan.
2:05 of 1st period - Shot Misses the Net.
2:11 of 1st period - Shot by Patrick Eaves.
2:11 of 1st period - Deflect By Brendan Shanahan.
2:11 of 1st period - Stopped by Olaf Kolzig without a rebound.
2:12 of 1st period - Keith Tkachuk wins face-off versus Dainius Zubrus in Capitals zone.
2:17 of 1st period - Shot by Keith Tkachuk.
2:17 of 1st period - Shot Misses the Net.
2:39 of 1st period - Shot by Dainius Zubrus.
2:39 of 1st period - Shot Misses the Net.
3:12 of 1st period - Shot by Alexander Ovechkin.
3:12 of 1st period - Stopped by Henrik Lundqvist with a rebound.
3:14 of 1st period - Shot by Chris Clark.
3:14 of 1st period - Stopped by Henrik Lundqvist without a rebound.
3:15 of 1st period - Brian Sutherby wins face-off versus Marc Savard in Thrashers zone.
3:44 of 1st period - Off-side.
3:45 of 1st period - David Vyborny wins face-off versus Jay Mcclement in neutral zone.
3:57 of 1st period - Shot by Matt Pettinger.
3:57 of 1st period - Shot Blocked by Greg De Vries.
3:59 of 1st period - Shot by Shaone Morrisonn.
3:59 of 1st period - Shot Misses the Net.
4:03 of 1st period - Shot by Matt Cooke.
4:03 of 1st period - Stopped by Henrik Lundqvist with a rebound.
4:05 of 1st period - Shot by David Vyborny.
4:05 of 1st period - Stopped by Henrik Lundqvist without a rebound.
4:06 of 1st period - Chris Kelly wins face-off versus Dainius Zubrus in Thrashers zone.
4:22 of 1st period - Jeff Schultz is hit by Justin Williams and loses puck.
4:26 of 1st period - Icing by Jeff Schultz.
4:27 of 1st period - Ryane Clowe wins face-off versus Jay Mcclement in Capitals zone.
4:47 of 1st period - Minor Penalty to Greg De Vries for Holding.
4:48 of 1st period - Chris Kelly wins face-off versus David Vyborny in Thrashers zone.
5:48 of 1st period - Icing by Adrian Aucoin.
5:49 of 1st period - Jay Mcclement wins face-off versus David Vyborny in Capitals zone.
6:02 of 1st period - Mike Komisarek is hit by Chris Clark and loses puck.
6:44 of 1st period - Icing by Shaone Morrisonn.
6:45 of 1st period - Dainius Zubrus wins face-off versus Chris Kelly in Capitals zone.
6:56 of 1st period - Shot by Alexander Ovechkin.
6:56 of 1st period - Stopped by Henrik Lundqvist without a rebound.
6:57 of 1st period - Chris Kelly wins face-off versus Trent Hunter in Thrashers zone.
8:48 of 1st period - Shot by Brendan Shanahan.
8:48 of 1st period - Stopped by Olaf Kolzig without a rebound.
8:49 of 1st period - Keith Tkachuk wins face-off versus David Vyborny in Capitals zone.
8:51 of 1st period - Dany Heatley is hit by Ben Clymer and loses puck.
9:05 of 1st period - Alexander Ovechkin is hit by Mike Komisarek and loses puck.
9:13 of 1st period - Off-side.
9:14 of 1st period - Jay Mcclement wins face-off versus Matt Cooke in neutral zone.
10:00 of 1st period - Icing by Matt Pettinger.
10:01 of 1st period - Keith Tkachuk wins face-off versus David Vyborny in Capitals zone.
10:27 of 1st period - Brian Sutherby is hit by Dan Boyle and loses puck.
10:49 of 1st period - Alexander Ovechkin is hit by Alexander Frolov and loses puck.
10:54 of 1st period - Shot by Brett Clark.
10:54 of 1st period - Shot Blocked by Jeff Schultz.
10:58 of 1st period - Shot by Marc Savard.
10:58 of 1st period - Stopped by Olaf Kolzig without a rebound.
10:59 of 1st period - Marc Savard wins face-off versus Trent Hunter in Capitals zone.
11:07 of 1st period - Icing by Ryane Clowe.
11:08 of 1st period - Dainius Zubrus wins face-off versus Jay Mcclement in Capitals zone.
11:08 of 1st period - Dainius Zubrus is hit by Brendan Shanahan.
11:40 of 1st period - Trent Hunter is hit by Brendan Shanahan and loses puck.
11:47 of 1st period - Shot by Ryane Clowe.
11:47 of 1st period - Stopped by Henrik Lundqvist without a rebound.
11:48 of 1st period - David Backes wins face-off versus David Vyborny in Thrashers zone.
12:03 of 1st period - Shot by Alexander Ovechkin.
12:03 of 1st period - Shot Misses the Net.
12:05 of 1st period - Shot by Shaone Morrisonn.
12:05 of 1st period - Shot Misses the Net.
13:02 of 1st period - Shot by Keith Tkachuk.
13:02 of 1st period - Goal by Keith Tkachuk - Thrashers : 2 - Capitals : 0.
13:03 of 1st period - Jay Mcclement wins face-off versus David Vyborny in neutral zone.
13:22 of 1st period - David Vyborny is hit by Patrick Eaves and loses puck.
14:14 of 1st period - Shot by Trent Hunter.
14:14 of 1st period - Shot Misses the Net.
16:35 of 1st period - Shot by Justin Williams.
16:35 of 1st period - Shot Misses the Net.
16:37 of 1st period - Shot by Keith Tkachuk.
16:37 of 1st period - Stopped by Olaf Kolzig with a rebound.
16:39 of 1st period - Shot by Dany Heatley.
16:39 of 1st period - Shot Misses the Net.
17:07 of 1st period - Shot by Brett Clark.
17:07 of 1st period - Stopped by Olaf Kolzig without a rebound.
17:08 of 1st period - Chris Kelly wins face-off versus Chris Clark in Capitals zone.
17:12 of 1st period - Justin Williams is hit by Shaone Morrisonn and loses puck.
17:19 of 1st period - Shot by Justin Williams.
17:19 of 1st period - Stopped by Olaf Kolzig without a rebound.
17:20 of 1st period - Marc Savard wins face-off versus Brian Sutherby in Capitals zone.
17:33 of 1st period - Shot by Alexander Ovechkin.
17:33 of 1st period - Shot Misses the Net.
17:39 of 1st period - Shot by Dany Heatley.
17:39 of 1st period - Stopped by Olaf Kolzig with a rebound.
17:41 of 1st period - Shot by Dany Heatley.
17:41 of 1st period - Stopped by Olaf Kolzig without a rebound.
17:42 of 1st period - David Vyborny wins face-off versus Brendan Shanahan in Capitals zone.
18:24 of 1st period - Shot by Keith Tkachuk.
18:24 of 1st period - Shot Blocked by Shaone Morrisonn.
19:47 of 1st period - Icing by Alexander Ovechkin.
19:48 of 1st period - Jay Mcclement wins face-off versus Brian Sutherby in Capitals zone.

Period #2

0:01 of 2nd period - Chris Clark wins face-off versus Marc Savard in neutral zone.
0:10 of 2nd period - Shot by Alexander Ovechkin.
0:10 of 2nd period - Stopped by Henrik Lundqvist without a rebound.
0:11 of 2nd period - Keith Tkachuk wins face-off versus Dainius Zubrus in Thrashers zone.
0:55 of 2nd period - Shot by Justin Williams.
0:55 of 2nd period - Stopped by Olaf Kolzig without a rebound.
0:56 of 2nd period - Marc Savard wins face-off versus David Vyborny in Capitals zone.
1:01 of 2nd period - Shot by Marc Savard.
1:01 of 2nd period - Stopped by Olaf Kolzig with a rebound.
1:03 of 2nd period - Shot by Alexander Frolov.
1:03 of 2nd period - Shot Blocked by Shaone Morrisonn.
1:05 of 2nd period - Shot by David Backes.
1:05 of 2nd period - Stopped by Olaf Kolzig without a rebound.
1:06 of 2nd period - Brian Sutherby wins face-off versus Jay Mcclement in Capitals zone.
1:06 of 2nd period - Alexander Ovechkin is hit by Patrick Eaves and loses puck.
1:16 of 2nd period - Adrian Aucoin is hit by Radek Martinek and loses puck.
1:34 of 2nd period - Minor Penalty to Greg De Vries for Holding.
1:35 of 2nd period - Chris Kelly wins face-off versus Matt Pettinger in Thrashers zone.
2:04 of 2nd period - Shot by David Vyborny.
2:04 of 2nd period - Shot Misses the Net.
2:06 of 2nd period - Shot by Matt Pettinger.
2:06 of 2nd period - Stopped by Henrik Lundqvist without a rebound.
2:07 of 2nd period - David Vyborny wins face-off versus Chris Kelly in Thrashers zone.
2:21 of 2nd period - Icing by Shaone Morrisonn.
2:22 of 2nd period - Jay Mcclement wins face-off versus David Vyborny in Capitals zone.
2:23 of 2nd period - Shot by Brendan Shanahan.
2:23 of 2nd period - Stopped by Olaf Kolzig without a rebound.
2:24 of 2nd period - David Vyborny wins face-off versus Jay Mcclement in Capitals zone.
2:28 of 2nd period - Off-side.
2:29 of 2nd period - David Vyborny wins face-off versus Chris Kelly in neutral zone.
3:57 of 2nd period - Shot by Justin Williams.
3:57 of 2nd period - Stopped by Olaf Kolzig with a rebound.
4:05 of 2nd period - Shot by Dany Heatley.
4:05 of 2nd period - Shot Blocked by Adrian Aucoin.
4:07 of 2nd period - Shot by Mike Komisarek.
4:07 of 2nd period - Deflect By Dany Heatley.
4:07 of 2nd period - Shot Misses the Net.
4:09 of 2nd period - Shot by Dany Heatley.
4:09 of 2nd period - Stopped by Olaf Kolzig with a rebound.
4:13 of 2nd period - Shot by Dan Boyle.
4:13 of 2nd period - Stopped by Olaf Kolzig with a rebound.
4:15 of 2nd period - Shot by Justin Williams.
4:15 of 2nd period - Stopped by Olaf Kolzig with a rebound.
4:27 of 2nd period - Shot by Marc Savard.
4:27 of 2nd period - Deflect By Alexander Frolov.
4:27 of 2nd period - Stopped by Olaf Kolzig without a rebound.
4:28 of 2nd period - Alexander Frolov wins face-off versus Dainius Zubrus in Capitals zone.
4:40 of 2nd period - Dainius Zubrus is hit by Brett Clark.
6:56 of 2nd period - Alexander Ovechkin is hit by Dany Heatley and loses puck.
7:12 of 2nd period - Off-side.
7:13 of 2nd period - Dainius Zubrus wins face-off versus Marc Savard in neutral zone.
7:47 of 2nd period - Shot by Dainius Zubrus.
7:47 of 2nd period - Deflect By Trent Hunter.
7:47 of 2nd period - Stopped by Henrik Lundqvist without a rebound.
7:48 of 2nd period - Jay Mcclement wins face-off versus David Vyborny in Thrashers zone.
7:52 of 2nd period - Off-side.
7:53 of 2nd period - Jay Mcclement wins face-off versus David Vyborny in neutral zone.
8:21 of 2nd period - Minor Penalty to Shaone Morrisonn for Tripping.
8:22 of 2nd period - Dainius Zubrus wins face-off versus Marc Savard in Capitals zone.
9:58 of 2nd period - Off-side.
9:59 of 2nd period - Brian Sutherby wins face-off versus Alexander Frolov in neutral zone.
10:27 of 2nd period - Radek Martinek is hit by Matt Cooke and loses puck.
11:00 of 2nd period - Shot by Matt Pettinger.
11:00 of 2nd period - Shot Blocked by Radek Martinek.
11:33 of 2nd period - Shot by Dainius Zubrus.
11:33 of 2nd period - Shot Blocked by Mike Komisarek.
12:32 of 2nd period - Minor Penalty to Adrian Aucoin for Cross-checking.
12:33 of 2nd period - Keith Tkachuk wins face-off versus Dainius Zubrus in Capitals zone.
12:40 of 2nd period - Shot by Dany Heatley.
12:40 of 2nd period - Stopped by Olaf Kolzig without a rebound.
12:41 of 2nd period - Dainius Zubrus wins face-off versus Keith Tkachuk in Capitals zone.
13:06 of 2nd period - Shot by Brendan Shanahan.
13:06 of 2nd period - Shot Misses the Net.
13:54 of 2nd period - Icing by David Backes.
13:55 of 2nd period - Marc Savard wins face-off versus Brian Sutherby in Thrashers zone.
14:33 of 2nd period - Matt Pettinger is hit by Patrick Eaves and loses puck.
14:43 of 2nd period - David Vyborny is hit by Greg De Vries and loses puck.
15:02 of 2nd period - Shot by Matt Pettinger.
15:02 of 2nd period - Shot Blocked by Radek Martinek.
15:28 of 2nd period - Off-side.
15:29 of 2nd period - Keith Tkachuk wins face-off versus Dainius Zubrus in neutral zone.
15:32 of 2nd period - Shot by Justin Williams.
15:32 of 2nd period - Shot Misses the Net.
15:43 of 2nd period - Minor Penalty to Mike Komisarek for Holding.
15:44 of 2nd period - Jay Mcclement wins face-off versus David Vyborny in Thrashers zone.
17:07 of 2nd period - Icing by Brian Pothier.
17:08 of 2nd period - Alexander Ovechkin wins face-off versus Chris Kelly in Capitals zone.
17:48 of 2nd period - Icing by Brian Sutherby.
17:49 of 2nd period - Justin Williams wins face-off versus Richard Zednik in Capitals zone.
18:13 of 2nd period - Minor Penalty to Keith Tkachuk for Tripping.
18:14 of 2nd period - Jay Mcclement wins face-off versus David Vyborny in Capitals zone.
19:10 of 2nd period - Shot by Ben Clymer.
19:10 of 2nd period - Shot Misses the Net.
19:28 of 2nd period - Shot by Dainius Zubrus.
19:28 of 2nd period - Stopped by Henrik Lundqvist with a rebound.

Period #3

0:01 of 3rd period - David Vyborny wins face-off versus Chris Kelly in neutral zone.
1:11 of 3rd period - Icing by Richard Zednik.
1:12 of 3rd period - Marc Savard wins face-off versus Dainius Zubrus in Capitals zone.
2:27 of 3rd period - Shot by Keith Tkachuk.
2:27 of 3rd period - Goal by Keith Tkachuk - Thrashers : 3 - Capitals : 0.
2:28 of 3rd period - Jay Mcclement wins face-off versus David Vyborny in neutral zone.
3:39 of 3rd period - Shot by Justin Williams.
3:39 of 3rd period - Shot Blocked by Brian Pothier.
3:53 of 3rd period - Shot by Justin Williams.
3:53 of 3rd period - Shot Misses the Net.
4:27 of 3rd period - Shot by Richard Zednik.
4:27 of 3rd period - Stopped by Henrik Lundqvist without a rebound.
4:28 of 3rd period - Keith Tkachuk wins face-off versus Matt Pettinger in Thrashers zone.
4:38 of 3rd period - Shot by Mike Komisarek.
4:38 of 3rd period - Shot Misses the Net.
4:40 of 3rd period - Shot by Dany Heatley.
4:40 of 3rd period - Shot Hit the Post.
4:42 of 3rd period - Shot by Dany Heatley.
4:42 of 3rd period - Deflect By Keith Tkachuk.
4:42 of 3rd period - Stopped by Olaf Kolzig without a rebound.
4:43 of 3rd period - Jay Mcclement wins face-off versus Brian Sutherby in Capitals zone.
5:29 of 3rd period - Off-side.
5:30 of 3rd period - David Vyborny wins face-off versus Marc Savard in neutral zone.
5:39 of 3rd period - Shot by Matt Pettinger.
5:39 of 3rd period - Goal by Matt Pettinger - Thrashers : 3 - Capitals : 1.
5:40 of 3rd period - Keith Tkachuk wins face-off versus David Vyborny in neutral zone.
6:07 of 3rd period - Shot by Keith Tkachuk.
6:07 of 3rd period - Shot Misses the Net.
6:09 of 3rd period - Shot by Keith Tkachuk.
6:09 of 3rd period - Stopped by Olaf Kolzig without a rebound.
6:10 of 3rd period - Trent Hunter wins face-off versus Marc Savard in Capitals zone.
6:34 of 3rd period - Shot by Trent Hunter.
6:34 of 3rd period - Shot Misses the Net.
6:43 of 3rd period - Icing by Bryan Muir.
6:44 of 3rd period - Jay Mcclement wins face-off versus Dainius Zubrus in Capitals zone.
6:44 of 3rd period - Jay Mcclement is hit by Brian Pothier.
6:45 of 3rd period - Minor Penalty to Brian Pothier for Charging.
6:46 of 3rd period - Brian Sutherby wins face-off versus Keith Tkachuk in Capitals zone.
6:46 of 3rd period - Alexander Ovechkin is hit by Dany Heatley and loses puck.
7:15 of 3rd period - Shot by Dany Heatley.
7:15 of 3rd period - Shot Misses the Net.
7:17 of 3rd period - Shot by Brendan Shanahan.
7:17 of 3rd period - Stopped by Olaf Kolzig without a rebound.
7:18 of 3rd period - Marc Savard wins face-off versus Brian Sutherby in Capitals zone.
7:45 of 3rd period - Shot by Wade Redden.
7:45 of 3rd period - Stopped by Olaf Kolzig without a rebound.
7:46 of 3rd period - Keith Tkachuk wins face-off versus Dainius Zubrus in Capitals zone.
8:27 of 3rd period - Shot by Wade Redden.
8:27 of 3rd period - Shot Blocked by Bryan Muir.
8:29 of 3rd period - Shot by Alexander Frolov.
8:29 of 3rd period - Stopped by Olaf Kolzig with a rebound.
8:33 of 3rd period - Shot by Marc Savard.
8:33 of 3rd period - Shot Misses the Net.
8:37 of 3rd period - Shot by Alexander Frolov.
8:37 of 3rd period - Stopped by Olaf Kolzig without a rebound.
8:38 of 3rd period - Brian Sutherby wins face-off versus Marc Savard in Capitals zone.
8:38 of 3rd period - Brian Sutherby is hit by David Backes.
9:05 of 3rd period - Shot by Brendan Shanahan.
9:05 of 3rd period - Stopped by Olaf Kolzig without a rebound.
9:06 of 3rd period - Brian Sutherby wins face-off versus Chris Kelly in Capitals zone.
9:25 of 3rd period - Shot by Alexander Ovechkin.
9:25 of 3rd period - Shot Blocked by Mike Komisarek.
9:34 of 3rd period - Off-side.
9:35 of 3rd period - David Vyborny wins face-off versus Jay Mcclement in neutral zone.
9:37 of 3rd period - Ben Clymer is hit by Greg De Vries and loses puck.
9:52 of 3rd period - Shot by Brendan Shanahan.
9:52 of 3rd period - Shot Misses the Net.
9:56 of 3rd period - Shot by Brendan Shanahan.
9:56 of 3rd period - Shot Blocked by Kris Beech.
10:00 of 3rd period - Shot by Jay Mcclement.
10:00 of 3rd period - Shot Misses the Net.
10:04 of 3rd period - Shot by Brendan Shanahan.
10:04 of 3rd period - Stopped by Olaf Kolzig without a rebound.
10:05 of 3rd period - Marc Savard wins face-off versus Dainius Zubrus in Capitals zone.
10:10 of 3rd period - Shot by Alexander Frolov.
10:10 of 3rd period - Stopped by Olaf Kolzig without a rebound.
10:11 of 3rd period - Alexander Ovechkin wins face-off versus Keith Tkachuk in Capitals zone.
10:31 of 3rd period - Shot by Keith Tkachuk.
10:31 of 3rd period - Deflect By Justin Williams.
10:31 of 3rd period - Shot Misses the Net.
10:35 of 3rd period - Shot by Dany Heatley.
10:35 of 3rd period - Stopped by Olaf Kolzig without a rebound.
10:36 of 3rd period - Dainius Zubrus wins face-off versus Marc Savard in Capitals zone.
10:36 of 3rd period - Trent Hunter is hit by David Backes and loses puck.
11:51 of 3rd period - Shot by Alexander Ovechkin.
11:51 of 3rd period - Shot Misses the Net.
11:56 of 3rd period - Major / Game Misconduct Penalty to Keith Tkachuk for Unsportsmanlike conduct.
11:56 of 3rd period - Keith Tkachuk is ejected from game.
11:57 of 3rd period - David Vyborny wins face-off versus Chris Kelly in Capitals zone.
12:53 of 3rd period - Shot by Alexander Ovechkin.
12:53 of 3rd period - Shot Misses the Net.
12:55 of 3rd period - Shot by Trent Hunter.
12:55 of 3rd period - Deflect By Dainius Zubrus.
12:55 of 3rd period - Shot Misses the Net.
12:57 of 3rd period - Shot by Dainius Zubrus.
12:57 of 3rd period - Stopped by Henrik Lundqvist without a rebound.
12:58 of 3rd period - Jay Mcclement wins face-off versus Richard Zednik in Thrashers zone.
13:04 of 3rd period - Icing by Jeff Schultz.
13:05 of 3rd period - Chris Kelly wins face-off versus Matt Pettinger in Capitals zone.
14:03 of 3rd period - Shot by Alexander Ovechkin.
14:03 of 3rd period - Shot Misses the Net.
14:56 of 3rd period - Ben Clymer is hit by Wade Redden and loses puck.
15:31 of 3rd period - Icing by Brian Pothier.
15:32 of 3rd period - Marc Savard wins face-off versus David Vyborny in Capitals zone.
16:05 of 3rd period - Shot by Ben Clymer.
16:05 of 3rd period - Stopped by Henrik Lundqvist without a rebound.
16:06 of 3rd period - Dainius Zubrus wins face-off versus Chris Kelly in Thrashers zone.
16:30 of 3rd period - Chris Clark is hit by Mike Komisarek and loses puck.
16:34 of 3rd period - Matt Pettinger is hit by Mike Komisarek and loses puck.
16:50 of 3rd period - Icing by Shaone Morrisonn.
16:51 of 3rd period - David Vyborny wins face-off versus Jay Mcclement in Capitals zone.
16:58 of 3rd period - Icing by Greg De Vries.
16:59 of 3rd period - Brian Sutherby wins face-off versus Marc Savard in Thrashers zone.
17:16 of 3rd period - Shot by Alexander Ovechkin.
17:16 of 3rd period - Shot Hit the Post.
17:19 of 3rd period - Icing by Brett Clark.
17:20 of 3rd period - Dainius Zubrus wins face-off versus Marc Savard in Thrashers zone.
17:25 of 3rd period - Shot by Trent Hunter.
17:25 of 3rd period - Stopped by Henrik Lundqvist without a rebound.
17:26 of 3rd period - David Vyborny wins face-off versus Marc Savard in Thrashers zone.
17:37 of 3rd period - Shot by Dany Heatley.
17:37 of 3rd period - Deflect By Justin Williams.
17:37 of 3rd period - Stopped by Olaf Kolzig without a rebound.
17:38 of 3rd period - Jay Mcclement wins face-off versus Dainius Zubrus in Capitals zone.
17:46 of 3rd period - Patrick Eaves is hit by Bryan Muir and loses puck.
17:54 of 3rd period - Patrick Eaves is hit by Brian Pothier and loses puck.
18:02 of 3rd period - Minor Penalty to Brian Pothier for High sticking.
18:03 of 3rd period - Marc Savard wins face-off versus Alexander Ovechkin in Capitals zone.
18:16 of 3rd period - Shot by Marc Savard.
18:16 of 3rd period - Shot Misses the Net.
19:15 of 3rd period - Icing by Dany Heatley.
19:16 of 3rd period - Dainius Zubrus wins face-off versus Chris Kelly in Thrashers zone.
19:25 of 3rd period - Shot by Dan Boyle.
19:25 of 3rd period - Shot Misses the Net.
19:27 of 3rd period - Shot by Brendan Shanahan.
19:27 of 3rd period - Stopped by Olaf Kolzig without a rebound.
19:28 of 3rd period - Chris Kelly wins face-off versus Brian Sutherby in Capitals zone.
19:51 of 3rd period - Shot by Dany Heatley.
19:51 of 3rd period - Shot Misses the Net.
19:53 of 3rd period - Shot by Dany Heatley.
19:53 of 3rd period - Stopped by Olaf Kolzig without a rebound.
19:54 of 3rd period - Marc Savard wins face-off versus Dainius Zubrus in Capitals zone.


Output by the SimonT Hockey Simulator (STHS) for Stephane Roy -- Original Page W3C XHTML 1.0 Valid